AoeStats
← MrStormyZ

Hideout

509846465Analyzed
1v1 RM · 5d ago on Sep 28, 2026· 36m 38s· 2 players
Game mode
Random Map
Map size
Tiny (2 player)
Population
200
Speed
Normal
Resources
Standard
Victory
Conquest
Starting age
Dark Age
Ending age
Imperial Age
RankedLock teamsTeams togetherTeam positionsShared explorationLock speedFull tech treeHidden civsTurbo modeCheats
Victory
Defeat
🇫🇷 Burgundians · France
1009
+15
🇮🇳 Hindustanis · India
996
-15
MrStormyZ
10:14 Feudal Age
12:12 Wheelbarrow
11:25 Double-Bit Axe
12:49 Horse Collar
13:35 Gold Mining
19:44 Castle Age
18:39 Bloodlines
19:10 Forging
19:19 Stone Mining
21:25 Hand Cart
20:56 Loom
20:56 Town Watch
21:54 Bow Saw
21:46 Heavy Plow
21:34 Loom
22:19 Loom
23:10 Husbandry
23:36 Town Watch
26:37 Gold Shaft Mining
26:38 Stone Shaft Mining
29:21 Town Patrol
33:46 Imperial Age
32:11 Scale Barding Armor
34:05 Heavy Camel Rider
34:29 Light Cavalry
36:01 Chain Barding Armor
37:27 Plate Barding Armor
37:27 Iron Casting
tibusmagnus
6:44 Double-Bit Axe
7:49 Wheelbarrow
10:33 Feudal Age
16:47 Castle Age
15:34 Horse Collar
16:18 Bow Saw
16:40 Heavy Plow
21:41 Loom
21:42 Town Watch
23:41 Gold Mining
24:18 Stone Mining
25:31 Pikeman
29:31 Imperial Age
28:10 Gold Shaft Mining
28:11 Stone Shaft Mining
28:44 Hand Cart
29:01 Squires
28:47 Arson
29:09 Murder Holes
29:24 Fortified Wall
29:35 Ballistics
31:14 Chemistry
30:39 Ballistics
30:01 Treadmill Crane
30:39 Scale Mail Armor
30:50 Forging
30:30 Fletching
30:26 Halberdier
31:54 Chain Mail Armor
32:48 Conscription
34:59 Iron Casting
34:26 Padded Archer Armor
35:17 Hoardings
37:20 Plate Mail Armor
37:50 Blast Furnace
Connection lost

Rejoining the realm…

Still unreachable

The connection could not be restored.

Session expired

The server has moved on; the page needs a fresh start.